[Event "*** SCC Grand Prix: Titled Tuesday Blitz"]
[Site "Chess.com"]
[Date "2020.06.09"]
[Round "6"]
[White "arminmusovic"]
[Black "MikaelyanArman"]
[Result "0-1"]
[WhiteElo "2537"]
[BlackElo "2757"]
[TimeControl "180+1"]
[EndTime "10:07:03 PDT"]
[Termination "MikaelyanArman won by resignation"]

1. a3 Nf6 2. Nc3 d5 3. d3 d4 4.
Ne4 Nxe4 5. dxe4 e5 6. Nf3 Bd6 7. e3 c5 8. Bc4 O-O 9. O-O Nc6 10. h3 Be6 11. Bd5 Bxd5 12. exd5 Ne7 13. c4 Ng6 14. e4 f5 15. Ng5 Qd7 16. Ne6 fxe4 17. Qg4 Rf7 18.
Qxe4 Nf8 19. Ng5 Rf6 20. Qh4 Be7 21. f4 h6 22. fxe5 hxg5 23. Bxg5 Ng6 24. Qe4 Rxf1+ 25. Rxf1 Bxg5 26. Qxg6 Be3+ 27. Kh1 Rf8 28. Rxf8+ Kxf8 29. e6 Qe8 30. Qf5+ Ke7 31. Qe5 Qg6 32. d6+ Kd8 33.
d7 Qb1+ 34. Kh2 Qg1+ 35. Kg3 Qf2+ 36. Kg4 Qxg2+ 37. Kh5 g6+ 38. Kh4 Bf2+ 0-1

[Event "*** SCC Grand Prix: Titled Tuesday Blitz"]
[Site "Chess.com"]
[Date "2020.06.09"]
[Round "6"]
[White "elohunter1999"]
[Black "TomsKantans"]
[Result "1-0"]
[WhiteElo "2493"]
[BlackElo "2622"]
[TimeControl "180+1"]
[EndTime "10:07:03 PDT"]
[Termination "elohunter1999 won on time"]

1. e4 c5 2. Nf3 Nf6 3. Nc3 Nc6 4. d4 d5 5. exd5 Nxd5 6. Bb5 Nxc3 7. bxc3 cxd4 8.
O-O Qd5 9. Rb1 Bg4 10. cxd4 Bxf3 11. Qxf3 Qxf3 12. gxf3 O-O-O 13. c3 e6 14. Bxc6 bxc6 15. Bf4 Bd6 16. Bxd6 Rxd6 17. Rb4 Rd5 18. Rfb1 Rb5 19. Rxb5 cxb5 20. Rxb5 Kc7 21. Rc5+ Kb6 22. Kf1 Rd8 23. Ke2 Rd6 24. Kd3 Kb7 25. a4 g6 26. a5 f6 27.
f4 Ra6 28. Kc4 Rd6 29. h4 Rd8 30. h5 Rd7 31. h6 Rf7 32. d5 exd5+ 33. Kxd5 Re7 34.
Kd6 Re4 35. Rc7+ Ka6 36. Rxh7 Rxf4 37. Rg7 g5 38. h7 Rh4 39. Ke6 Kxa5 40. Rxa7+ Kb5 41.
Rf7 Kc4 42. Kxf6 g4 43. Kg5 Rh2 44. Kxg4 Kxc3 45. Rf3+ Kd4 46. Rh3 1-0

[Event "*** SCC Grand Prix: Titled Tuesday Blitz"]
[Site "Chess.com"]
[Date "2020.06.09"]
[Round "6"]
[White "kuba2006"]
[Black "gumimis"]
[Result "0-1"]
[WhiteElo "2299"]
[BlackElo "2151"]
[TimeControl "180+1"]
[EndTime "10:07:03 PDT"]
[Termination "gumimis won by checkmate"]

1. e4 c5 2. Nf3 d6 3. d4 cxd4 4. Qxd4 Nc6 5. Bb5 a6 6. Bxc6+ bxc6 7. c4 e5 8. Qd3 Be7 9. O-O Be6 10. Nc3 h6 11. Rd1 Nf6 12. b3 O-O 13. Ba3 Qa5 14.
Bb2 Rad8 15. a3 Nh5 16. b4 Qc7 17. Bc1 f5 18. Be3 f4 19. Bc1 g5 20. Nd2 Kh8 21. f3 g4 22. Bb2 Rg8 23. Kh1 Bf6 24. Ne2 Qg7 25. Rg1 Qg5 26. fxg4 Bxg4 27. Nf3 Qg6 28. Rad1 Ng3+ 29. Nxg3 fxg3 30. Rgf1 Qh5 31. h3 Bxh3 32.
gxh3 g2+ 33. Kg1 gxf1=Q+ 34. Kxf1 Qxh3+ 35. Kf2 Rg2+ 36. Ke3 Bg5# 0-1

[Event "*** SCC Grand Prix: Titled Tuesday Blitz"]
[Site "Chess.com"]
[Date "2020.06.09"]
[Round "6"]
[White "ftorodent"]
[Black "RaunakSadhwani2005"]
[Result "0-1"]
[WhiteElo "2664"]
[BlackElo "2898"]
[TimeControl "180+1"]
[EndTime "10:07:04 PDT"]
[Termination "RaunakSadhwani2005 won by resignation"]

1. d4 Nf6 2. c4 g6 3. Nc3 Bg7 4. Nf3 O-O 5. e4 d6 6. Be2 Qe8 7. O-O e5 8. dxe5 dxe5 9. Nd5 Na6 10. Nxf6+ Bxf6 11. Be3 Qe7 12. Qc2 Nc5 13. Rfd1 Bg4 14. Rd5 Ne6 15. Nxe5 Bxe2 16. Qxe2 c6 17. Rd7 Qe8 18. Ng4 Bg7 19. Rxb7 h5 20. Nh6+ Kh7 21. f4 Bxh6 22. f5 Bxe3+ 23. Qxe3 Ng7 24. f6 Ne6 25. Rd1 Rd8 26. Rd2 a6 27. h3 Rxd2 28. Qxd2 Qc8 29.
Re7 Qd8 30. Qxd8 Nxd8 31. Kf2 g5 32. Ke3 Kg6 33. e5 Ne6 34. Ra7 Kf5 35. Rxa6 c5 36. a3 Rb8 37. Ra7 Rb3+ 38. Kd2 Rxb2+ 39. Kc3 Rxg2 40.
Rxf7 Kxe5 41. Rh7 Rg3+ 42. Kb2 Rxh3 43. f7 h4 0-1

[Event "*** SCC Grand Prix: Titled Tuesday Blitz"]
[Site "Chess.com"]
[Date "2020.06.09"]
[Round "6"]
[White "ChessyInstinct"]
[Black "picturesquecheck"]
[Result "1-0"]
[WhiteElo "2398"]
[BlackElo "2121"]
[TimeControl "180+1"]
[EndTime "10:07:06 PDT"]
[Termination "ChessyInstinct won by checkmate"]

1. d4 Nf6 2. c4 e6 3. g3 d5 4.
Nf3 Bb4+ 5. Bd2 Be7 6. Bg2 O-O 7. Qc2 b6 8. O-O Bb7 9. Nc3 Nbd7 10. cxd5 exd5 11.
Rad1 Rc8 12. Bf4 c5 13. Qf5 g6 14. Qb1 c4 15. Ne5 a6 16. e4 dxe4 17. d5 Nxe5 18.
Bxe5 Bd6 19. Bxf6 Qxf6 20. Nxe4 Qd8 21. Qc1 b5 22. Qh6 f6 23. Bh3 Rc7 24. Be6+ Kh8 25. h4 Re8 26. Rfe1 Bf8 27. Qf4 f5 28. Ng5 Bg7 29.
Nf7+ Rxf7 30. Bxf7 Rf8 31. Be6 Bxb2 32. d6 Bg7 33.
Bd5 Bc8 34. Re7 Bf6 35. Ra7 c3 36. Bb3 Bd7 37. Qh6 Bg7 38. Qe3 Bc6 39. Qe7 Bf3 40. Qxg7# 1-0

[Event "*** SCC Grand Prix: Titled Tuesday Blitz"]
[Site "Chess.com"]
[Date "2020.06.09"]
[Round "6"]
[White "Leonid_Starozhilov"]
[Black "SilviusTiberius"]
[Result "1-0"]
[WhiteElo "2708"]
[BlackElo "2463"]
[TimeControl "180+1"]
[EndTime "10:07:07 PDT"]
[Termination "Leonid_Starozhilov won on time"]

1. e4 e5 2. Nf3 Nc6 3. Bb5 a6 4.
Ba4 Nf6 5. d3 d6 6. c3 g6 7. h3 Bg7 8. O-O O-O 9. Nbd2 Nd7 10.
Bxc6 bxc6 11. d4 exd4 12. cxd4 c5 13. d5 Rb8 14. Re1 Bxb2 15. Rb1 Bxc1 16. Rxb8 Nxb8 17. Qxc1 Nd7 18. e5 Re8 19. exd6 cxd6 20. Nc4 Rxe1+ 21.
Nxe1 Nb6 22. Ne3 Bd7 23. Qb2 h5 24. g4 hxg4 25. hxg4 Na4 26. Qb7 Qc8 27. Qa7 Bxg4 28. Qe7 Nc3 29. Qxd6 Ne2+ 30. Kf1 Nd4 31. Kg2 Bh3+ 32.
Kh2 Nf5 33. Qe5 c4 34. N1c2 c3 35. d6 Qd7 36. Nd5 1-0

[Event "*** SCC Grand Prix: Titled Tuesday Blitz"]
[Site "Chess.com"]
[Date "2020.06.09"]
[Round "6"]
[White "IriBu"]
[Black "alexsergeyev"]
[Result "1-0"]
[WhiteElo "2533"]
[BlackElo "2360"]
[TimeControl "180+1"]
[EndTime "10:07:07 PDT"]
[Termination "IriBu won on time"]

1. e4 e5 2. Nf3 Nf6 3. d4 exd4 4. e5 Ne4 5. Qxd4 f5 6. exf6 Nxf6 7. Bd3 Nc6 8. Qh4 Qe7+ 9. Kd1 Qf7 10. Ng5 Qh5+ 11. Qxh5+ Nxh5 12. Bxh7 Be7 13. Bg6+ Kf8 14. Re1 Nf6 15.
h3 d5 16. Nc3 Bb4 17. Bd2 Rh6 18. Bd3 Bd7 19. a3 Bc5 20. f3 Re8 21. Rxe8+ Kxe8 22. Nb5 Bb6 23. c3 a6 24. Nd4 Nxd4 25. cxd4 Bxd4 26. Rb1 c5 27. Kc2 c4 28. Re1+ Kf8 29. Bf1 Ba4+ 30.
Kc1 Nd7 31. Ne6+ Rxe6 32. Rxe6 Nc5 33. Rd6 Nb3+ 34. Kd1 Bxb2 35. Bb4 1-0

[Event "*** SCC Grand Prix: Titled Tuesday Blitz"]
[Site "Chess.com"]
[Date "2020.06.09"]
[Round "6"]
[White "Vision_64"]
[Black "DanielTitichoca"]
[Result "1-0"]
[WhiteElo "2158"]
[BlackElo "2328"]
[TimeControl "180+1"]
[EndTime "10:07:07 PDT"]
[Termination "Vision_64 won by checkmate"]

1. e4 g6 2. d4 Bg7 3. Nc3 d6 4. Be3 a6 5. Qd2 Nd7 6. f3 b5 7. Nge2 Bb7 8. O-O-O b4 9. Na4 Rb8 10. b3 Bc6 11. Nb2 Bb5 12. g4 c5 13. Ng3 Qa5 14. Kb1 h6 15. h4 Ngf6 16. e5 dxe5 17. dxc5 e4 18. Bxb5 axb5 19. c6 O-O 20. cxd7 Ra8 21.
a4 bxa3 22. Qxa5 Rxa5 23. d8=Q Rxd8 24. Rxd8+ Kh7 25. Bd4 Nd5 26. Bxg7 a2+ 27. Ka1 Nb4 28. Rc1 exf3 29. Bc3 f2 30. Bxb4 Ra6 31. Nf1 f5 32.
gxf5 gxf5 33. Bc3 f4 34. Rh8+ Kg6 35. Nd2 Kf5 36. Nf3 e5 37. Nxe5 Ke4 38. Ned3 Kf3 39. Rf1 Ke3 40. Rxf2 f3 41. Nd1+ Ke4 42. Re8+ Kd5 43.
Rxf3 h5 44. Rf5+ Kc6 45. Rf6+ Kd7 46. Rxa6 b4 47. Bxb4 Kc7 48. Kxa2 Kb7 49. Rg6 Kc7 50. Re7+ Kc8 51. Rg8# 1-0

[Event "*** SCC Grand Prix: Titled Tuesday Blitz"]
[Site "Chess.com"]
[Date "2020.06.09"]
[Round "6"]
[White "mbachez"]
[Black "Twitch_ElhamBlitz05"]
[Result "0-1"]
[WhiteElo "2528"]
[BlackElo "2738"]
[TimeControl "180+1"]
[EndTime "10:07:09 PDT"]
[Termination "Twitch_ElhamBlitz05 won by resignation"]

1. e4 c6 2. d4 d5 3. Nc3 dxe4 4. Nxe4 Nf6 5. Nxf6+ exf6 6. c3 Bd6 7. Bd3 O-O 8.
Qc2 Re8+ 9. Ne2 h5 10. Be3 Be6 11. O-O h4 12. h3 Nd7 13. Bf4 Nf8 14. Rfe1 b5 15.
b3 Bd5 16. Bxd6 Qxd6 17. c4 bxc4 18. bxc4 Be6 19. Be4 Bxc4 20. Rac1 Bd5 21. Nc3 Bxe4 22. Nxe4 Qxd4 23. Qxc6 Qd7 24. Qxd7 Nxd7 25. Nd6 Rxe1+ 26. Rxe1 Ne5 27. f4 Nd3 28. Re7 Nxf4 29. Nxf7 Rc8 30.
Nd6 Rc2 31. Re4 Rxg2+ 32. Kf1 Rd2 33. Rxf4 Rxd6 34. Rxh4 Rd2 35. Ra4 Rh2 36. h4 Kh7 37. Kg1 Rd2 38. Rxa7 Rd4 39. a4 Rxh4 40. a5 Ra4 41.
Ra8 g5 42. Kg2 Kg7 43. a6 f5 44. Kg3 Ra3+ 45. Kf2 f4 46. Ke2 g4 47. Kd2 g3 48.
Kc2 g2 0-1

[Event "*** SCC Grand Prix: Titled Tuesday Blitz"]
[Site "Chess.com"]
[Date "2020.06.09"]
[Round "6"]
[White "manmanlai1"]
[Black "AlexOstrovskiy"]
[Result "0-1"]
[WhiteElo "2394"]
[BlackElo "2591"]
[TimeControl "180+1"]
[EndTime "10:07:09 PDT"]
[Termination "AlexOstrovskiy won by resignation"]

1. e4 c6 2. d4 d5 3. exd5 cxd5 4. Bd3 Nc6 5. c3 Nf6 6. Bf4 Bg4 7. Nf3 e6 8. Nbd2 Bd6 9. Bxd6 Qxd6 10. O-O O-O 11. Qe1 Nd7 12. Qe3 Bh5 13. Rfe1 Bg6 14. Bxg6 hxg6 15.
Ne5 Ncxe5 16. dxe5 Qb6 17. Qh3 Qxb2 18. Nf3 Rfc8 19.
Ng5 Nf8 20. Rec1 Rc4 21. Rab1 Qd2 22. Nf3 Qf4 23. Rd1 b6 24. Rd3 Rac8 25. g3 Qf5 26. Qf1 Rxc3 27. Rbd1 Rxd3 28. Rxd3 Nd7 29. Re3 Qc2 30.
Kg2 Qxa2 31. Qb5 Nc5 32. h4 Ne4 33. Re2 Qc4 34. Qb2 b5 35. Ne1 Nc3 36. Rc2 Qe4+ 37. Nf3 b4 38. Rc1 a5 39. Re1 Qc4 40. h5 gxh5 41. Qd2 Qg4 42. Rh1 Ne4 43. Qe3 Rc3 44.
Qe2 Ng5 0-1

[Event "*** SCC Grand Prix: Titled Tuesday Blitz"]
[Site "Chess.com"]
[Date "2020.06.09"]
[Round "6"]
[White "Skatchkov_V"]
[Black "Dmitry_Konenkin"]
[Result "1-0"]
[WhiteElo "2550"]
[BlackElo "2384"]
[TimeControl "180+1"]
[EndTime "10:07:09 PDT"]
[Termination "Skatchkov_V won by resignation"]

1. Nf3 Nf6 2. g3 g6 3. Bg2 Bg7 4. d4 O-O 5. O-O d6 6. c4 Nbd7 7. Nc3 e5 8. e4 Re8 9. Re1 c6 10. h3 Qc7 11. Be3 a6 12. c5 dxc5 13. dxc5 Bf8 14. b4 a5 15. a3 b6 16. cxb6 Nxb6 17.
bxa5 Rxa5 18. Qb3 Nfd7 19. Rec1 Nc5 20. Qb4 Nbd7 21. Rd1 Ba6 22. Qb2 Rb8 23. Qc2 Nb3 24. Rab1 Rxa3 25. h4 Nbc5 26. Rxb8 Qxb8 27. Rb1 Rb3 28.
Ra1 Bd3 29. Qc1 Nxe4 30. Nxe4 Bxe4 31. Nd2 Rb4 32. Nxe4 Rxe4 33. Bxe4 c5 34. Ra8 Qd6 35. Qd2 Qxd2 36. Bxd2 Kg7 37. Bc3 Kf6 38. Bc6 Nb6 39. Rxf8 1-0

[Event "*** SCC Grand Prix: Titled Tuesday Blitz"]
[Site "Chess.com"]
[Date "2020.06.09"]
[Round "6"]
[White "NM2019"]
[Black "esrosenberg"]
[Result "0-1"]
[WhiteElo "2018"]
[BlackElo "2215"]
[TimeControl "180+1"]
[EndTime "10:07:10 PDT"]
[Termination "esrosenberg won by checkmate"]

1. c4 e5 2. Nc3 Bb4 3. Nd5 Be7 4. Nxe7 Qxe7 5. d4 exd4 6. Qxd4 Nf6 7. Bg5 Nc6 8. Qc3 Ne5 9. Nf3 d6 10. O-O-O Bf5 11.
c5 O-O 12. Nxe5 dxe5 13. f3 h6 14. Bxf6 Qxf6 15. e4 Be6 16. Kb1 Rfe8 17. Bc4 Rad8 18. c6 bxc6 19. Bb3 Bxb3 20. axb3 Rd4 21. Rc1 Re6 22.
Qa5 Qg5 23. Rc2 Qe3 24. Rc3 Qe2 25. Rc2 Rd1+ 26. Rxd1 Qxd1+ 27. Rc1 Qd3+ 28. Ka2 c5 29. Rc4 Rb6 30. Rc3 Qe2 31. Rc4 Qxg2 32. Qxa7 Qxf3 33. Rc3 Qxe4 34. Rxc5 Qd3 35. Rc4 Qxb3+ 36. Ka1 Qxb2# 0-1

[Event "*** SCC Grand Prix: Titled Tuesday Blitz"]
[Site "Chess.com"]
[Date "2020.06.09"]
[Round "6"]
[White "sasko1234"]
[Black "Mazetovic"]
[Result "0-1"]
[WhiteElo "2474"]
[BlackElo "2631"]
[TimeControl "180+1"]
[EndTime "10:07:12 PDT"]
[Termination "Mazetovic won by resignation"]

1. b3 c5 2. Bb2 Nc6 3. e3 e5 4. Nf3 d6 5. Bb5 Nf6 6. d4 e4 7. d5 a6 8. dxc6 axb5 9. cxb7 Bxb7 10. Nfd2 Be7 11. O-O O-O 12. Nc3 b4 13. Ne2 d5 14.
Ng3 Qc8 15. a4 Re8 16. Re1 Qe6 17. h3 Bd6 18. Ndf1 Bc7 19. Nh5 Nxh5 20. Qxh5 Rad8 21.
Red1 Qg6 22. Qxg6 hxg6 23. Ng3 f6 24. Ne2 Kf7 25. c3 Ba6 26. Rd2 Ba5 27. Rc1 Bd3 28.
Kf1 Rb8 29. Kg1 c4 30. cxb4 Bxb4 31. Nc3 Bxc3 32. Rxc3 Rxb3 33. Rxb3 cxb3 34. Rd1 Ra8 35. Ra1 Ra5 36. f3 Ke6 37. Kf2 Kd6 38. Ke1 Kc5 39.
Kd2 Kc4 40. Rc1+ Bc2 41. Ra1 Ra6 42. a5 Kb5 43. Bc3 g5 44. f4 gxf4 45. exf4 Rc6 46. g4 e3+ 0-1

[Event "*** SCC Grand Prix: Titled Tuesday Blitz"]
[Site "Chess.com"]
[Date "2020.06.09"]
[Round "6"]
[White "margarita_2703"]
[Black "Kostya26"]
[Result "0-1"]
[WhiteElo "2249"]
[BlackElo "2433"]
[TimeControl "180+1"]
[EndTime "10:07:12 PDT"]
[Termination "Kostya26 won by resignation"]

1. Nf3 d5 2. d4 Nf6 3. Bf4 c6 4.
e3 Bf5 5. c4 e6 6. Nc3 Nbd7 7.
Qb3 Qb6 8. c5 Qxb3 9. axb3 a6 10. b4 Rc8 11. Ne5 Nxe5 12. dxe5 Nd7 13. Ne2 Bd3 14.
Nd4 Bxf1 15. Rxf1 g6 16. Bg3 Bg7 17. f4 O-O 18. Ke2 Rfe8 19. Kd2 f6 20. exf6 Nxf6 21. Kc2 Ne4 22. Be1 e5 23. Nb3 exf4 24. exf4 Re7 25.
Bh4 Rf7 26. Rae1 Bh6 27. Bg3 Rcf8 28. Na5 Kg7 29. Kd3 Kf6 30. Re2 Ke6 31. b3 Bg7 32. Be1 h5 33. g3 Bh6 34. Bc3 h4 35. Bd4 h3 36. Rf3 Kf5 37. Rf1 Kg4 38. Be5 g5 39. fxg5 Rxf1 40. gxh6 R8f3+ 41. Kc2 R1f2 42. Rxf2 Rxf2+ 43. Kd1 Ng5 44. Nxb7 Rxh2 45. Nd8 Rg2 46. Nxc6 h2 0-1

[Event "*** SCC Grand Prix: Titled Tuesday Blitz"]
[Site "Chess.com"]
[Date "2020.06.09"]
[Round "6"]
[White "TregubovP"]
[Black "BJthechessgod"]
[Result "1/2-1/2"]
[WhiteElo "2564"]
[BlackElo "2167"]
[TimeControl "180+1"]
[EndTime "10:07:13 PDT"]
[Termination "Game drawn by repetition"]

1. e4 d6 2. d4 Nf6 3. Nc3 g6 4. Nf3 Bg7 5. Be2 O-O 6. O-O c5 7. dxc5 dxc5 8. Qxd8 Rxd8 9. Be3 b6 10. Rad1 Nc6 11. h3 Bb7 12. Rxd8+ Rxd8 13. Rd1 Rxd1+ 14. Bxd1 Nd7 15. Be2 Nd4 16. Bd3 Nxf3+ 17. gxf3 Ne5 18. Be2 Nc6 19. Bc1 Nd4 20. Bd1 Kf8 21. Kg2 f5 22.
Kg3 b5 23. Nd5 e6 24. Nc7 fxe4 25. fxe4 Bxe4 26. c3 Nf5+ 27. Kf4 Bh6+ 28. Kxe4 Bxc1 29. b4 cxb4 30. cxb4 Nd6+ 31. Ke5 Ke7 32. Be2 Bb2+ 33. Kf4 e5+ 34. Kg4 Ne4 35. Nxb5 Nxf2+ 36. Kf3 a6 37. Kxf2 axb5 38. Bxb5 Ba3 39. Kf3 Bxb4 40. Ke4 Ke6 41. Ba6 g5 42. a4 h5 43. Be2 h4 44. Bg4+ Kf6 45. Bc8 Bc3 46. Bd7 Bb4 47. Bc8 Bc3 48.
Bd7 Bb4 49. Bc8 1/2-1/2

[Event "*** SCC Grand Prix: Titled Tuesday Blitz"]
[Site "Chess.com"]
[Date "2020.06.09"]
[Round "6"]
[White "mbojan"]
[Black "Shota_Azaladze"]
[Result "1-0"]
[WhiteElo "2645"]
[BlackElo "2784"]
[TimeControl "180+1"]
[EndTime "10:07:14 PDT"]
[Termination "mbojan won by checkmate"]

1. e4 g6 2. d4 Bg7 3. Nc3 c6 4. Nf3 d6 5. Be2 Nd7 6. O-O e5 7. Re1 Ngf6 8. h3 O-O 9. Bf1 Qc7 10. b3 Re8 11. g3 b5 12. a3 a6 13. Bb2 Bb7 14. Bg2 c5 15. d5 b4 16. Nb1 a5 17.
Nbd2 Nb6 18. Bf1 Ba6 19. Bxa6 Rxa6 20. Qe2 Rea8 21. Nc4 Nxc4 22. Qxc4 Nd7 23. Ra2 Nb6 24. Qb5 Bh6 25. Rea1 bxa3 26. Rxa3 a4 27. bxa4 Ra5 28. Qb3 c4 29. Qb4 Nd7 30. Bc3 R5a6 31. a5 Qc8 32. Kg2 f5 33. exf5 gxf5 34. Nh4 Nf6 35. Rd1 Ne4 36.
Be1 c3 37. Qb5 Bg5 38. Nf3 Bd2 39. Bxd2 cxd2 40. Nxd2 Qxc2 41. Nxe4 Qxd1 42. Nf6+ Kf7 43.
Qd7+ Kxf6 44. Qe6+ Kg7 45. Qe7+ Kg8 46. Qe6+ Kf8 47.
Qxf5+ Kg7 48. Qg5+ Kf7 49. Rf3+ Ke8 50. Qg8+ Kd7 51. Rf7# 1-0

[Event "*** SCC Grand Prix: Titled Tuesday Blitz"]
[Site "Chess.com"]
[Date "2020.06.09"]
[Round "6"]
[White "Escanor89"]
[Black "chito89"]
[Result "0-1"]
[WhiteElo "2523"]
[BlackElo "2745"]
[TimeControl "180+1"]
[EndTime "10:07:14 PDT"]
[Termination "chito89 won on time"]

1. c4 e5 2. Nc3 Nc6 3. Nf3 Nf6 4. e3 d6 5. Be2 g6 6. d4 Bg7 7. O-O O-O 8. b3 exd4 9. Nxd4 Nxd4 10. exd4 Re8 11.
Be3 d5 12. Re1 c6 13. Qd2 Bf5 14. Rad1 Ne4 15. Nxe4 Bxe4 16. Bf4 a5 17. Bf1 Qb6 18. f3 Bf5 19. Rxe8+ Rxe8 20. cxd5 cxd5 21. Be3 Rc8 22. Bf2 Rc2 23. Qe3 Rxa2 24. Qe8+ Bf8 25. Be3 Rc2 26. Bf4 Rc8 27. Qe3 h5 28. Be5 f6 29. Bf4 Kf7 30.
Qd2 Rc2 31. Qe3 Qe6 32. Re1 Qxe3+ 33. Bxe3 Bb4 34. Rd1 Rb2 35. Bd3 Rxb3 36. Bxf5 gxf5 37. Bf4 a4 0-1

[Event "*** SCC Grand Prix: Titled Tuesday Blitz"]
[Site "Chess.com"]
[Date "2020.06.09"]
[Round "6"]
[White "BursaBBSatranc"]
[Black "CarlosAlbornoz"]
[Result "0-1"]
[WhiteElo "2516"]
[BlackElo "2715"]
[TimeControl "180+1"]
[EndTime "10:07:14 PDT"]
[Termination "CarlosAlbornoz won on time"]

1. d4 Nf6 2. Bf4 g6 3. e3 Bg7 4.
Nf3 d6 5. h3 O-O 6. Be2 Nbd7 7.
O-O b6 8. c3 Bb7 9. Nbd2 Re8 10. Bh2 e5 11. Nc4 Ne4 12. a4 a5 13. Qc2 Ng5 14.
Nxg5 Qxg5 15. Bg3 h5 16. h4 Qe7 17. Rfd1 Bf6 18. dxe5 dxe5 19. Na3 Nc5 20. b4 Be4 21.
Qb2 Nxa4 22. Qb3 axb4 23. cxb4 Bxh4 24. Bb5 c6 25. Bxa4 Bxg3 26. fxg3 b5 27. Nxb5 cxb5 28. Bxb5 Rxa1 29. Rxa1 Rb8 30. Bc4 Rxb4 31. Qc3 Rb8 32. Rf1 Bf5 33. e4 Be6 34. Bxe6 Qxe6 35. Qf3 Rb3 36. Qf2 Kg7 37. Qe2 Rb7 38. Qf3 Rd7 39. Kh2 Rd4 40. Re1 Rd6 41. Re3 Rd4 42. Qf2 Qd7 43.
Qf3 Rd2 44. Re2 Rd3 45. Re3 Rd1 46. Ra3 Qd4 47. g4 h4 0-1

[Event "*** SCC Grand Prix: Titled Tuesday Blitz"]
[Site "Chess.com"]
[Date "2020.06.09"]
[Round "6"]
[White "Nbk90"]
[Black "bazar-wokzal"]
[Result "1-0"]
[WhiteElo "2544"]
[BlackElo "2383"]
[TimeControl "180+1"]
[EndTime "10:07:14 PDT"]
[Termination "Nbk90 won on time"]

1. e4 Nc6 2. Nf3 d5 3. exd5 Qxd5 4.
Nc3 Qa5 5. d4 Bg4 6. Bb5 O-O-O 7.
Bxc6 bxc6 8. Qe2 Kb7 9. Bd2 Qh5 10. O-O-O e6 11. Qc4 Bxf3 12. gxf3 Qxf3 13. Be3 Ne7 14. Rhe1 Nd5 15. Rd3 Nb6 16. Qb3 Qg2 17. a4 Ka8 18. a5 Nd5 19. Qa4 Nb4 20. Rd2 Qxh2 21. Ne4 Rb8 22. c3 Qg2 23. f3 Qxf3 24. Ng5 Qg3 25. Ree2 Rb5 26. Nxf7 Rg8 27. Ne5 Bd6 28. Nxc6 Nxc6 29.
Qxb5 Ne7 30. a6 Rb8 31. Qd3 h5 32. Qe4+ c6 33. Qxe6 h4 34. Rg2 Qe1+ 35. Kc2 Nc8 36. Qe4 Rb6 37. Qg4 Kb8 38. Rge2 Qa1 39. Kd3 Qxa6+ 40.
Ke4 Qc4 41. Bf4 1-0

[Event "*** SCC Grand Prix: Titled Tuesday Blitz"]
[Site "Chess.com"]
[Date "2020.06.09"]
[Round "6"]
[White "Grieve72"]
[Black "dosto07"]
[Result "0-1"]
[WhiteElo "2384"]
[BlackElo "2149"]
[TimeControl "180+1"]
[EndTime "10:07:14 PDT"]
[Termination "dosto07 won on time"]

1. e4 e5 2. Nf3 Nc6 3. Bc4 Bc5 4. O-O d6 5. c3 Nf6 6. d3 a6 7. a4 h6 8. a5 O-O 9. h3 Re8 10. Re1 Ba7 11. Nbd2 Be6 12. Bxe6 Rxe6 13. Nf1 d5 14.
exd5 Qxd5 15. Be3 Rd8 16. Bxa7 Nxa7 17. d4 exd4 18. Nxd4 Rxe1 19. Qxe1 c5 20. Ne3 Qd6 21.
Nc4 Qf4 22. g3 Qg5 23. Nf3 Qd5 24. Qe2 Re8 25. Ne3 Qe6 26. Qf1 Nc6 27. Re1 Qc8 28. Nc4 Qc7 29. Rxe8+ Nxe8 30. Qe1 Nf6 31. b4 cxb4 32.
cxb4 g6 33. Nb6 h5 34. Qc3 Qd6 35. Ng5 Qd1+ 36. Kg2 Qd6 37. Nc8 Qe5 38. Qxe5 Nxe5 39. Nd6 Nfd7 40. Nxb7 Nc6 41. Nc5 Nxb4 0-1

[Event "*** SCC Grand Prix: Titled Tuesday Blitz"]
[Site "Chess.com"]
[Date "2020.06.09"]
[Round "6"]
[White "chargemax23"]
[Black "Anton_Demchenko"]
[Result "0-1"]
[WhiteElo "2695"]
[BlackElo "2821"]
[TimeControl "180+1"]
[EndTime "10:07:15 PDT"]
[Termination "Anton_Demchenko won by resignation"]

1. c4 Nf6 2. Nc3 d6 3. d4 e5 4. Nf3 Nc6 5. dxe5 dxe5 6. Qxd8+ Kxd8 7. Bg5 Be6 8. O-O-O+ Kc8 9. e3 Nd7 10. Nd2 f6 11. Bh4 a5 12. h3 a4 13. g4 Nc5 14.
f4 exf4 15. exf4 Bd6 16. Bf2 Nb4 17. Bxc5 Bxc5 18. f5 Bf7 19. a3 Nc6 20. Nde4 Be3+ 21. Kb1 Ne5 22. Nd5 Bxd5 23. cxd5 Rd8 24. Nc3 Nd7 25. Bb5 Nb6 26. Rhe1 Bc5 27. Re4 Bd6 28. Bxa4 Be5 29. Bb3 Bxc3 30. bxc3 Rxa3 31. Kb2 Ra5 32. c4 Rc5 33. Rdd4 Kb8 34. Ka3 Nc8 35. Kb4 b6 36.
Re6 Ra5 37. Rde4 Ra1 38. Re8 Rxe8 39. Rxe8 Kb7 40. Rg8 Rh1 41. Rxg7 Rxh3 42. c5 bxc5+ 43. Kxc5 Rxb3 44. Rxh7 Nd6 45. Rg7 Rg3 46. Rg6 Rg1 47. Kd4 Rd1+ 48. Kc5 Rc1+ 49. Kd4 Rd1+ 50. Kc5 Ne4+ 51.
Kc4 Kb6 52. Rg8 Rd2 53. Rb8+ Ka7 54. Rb1 Nd6+ 55. Kc5 Rc2+ 56. Kd4 Rc4+ 57. Kd3 Rxg4 0-1

[Event "*** SCC Grand Prix: Titled Tuesday Blitz"]
[Site "Chess.com"]
[Date "2020.06.09"]
[Round "6"]
[White "pastouche06"]
[Black "MarcoRiehle"]
[Result "1-0"]
[WhiteElo "2500"]
[BlackElo "2630"]
[TimeControl "180+1"]
[EndTime "10:07:15 PDT"]
[Termination "pastouche06 won by resignation"]

1. d4 d5 2. c4 e6 3. Nc3 c5 4. cxd5 cxd4 5. Qa4+ Bd7 6. Qxd4 exd5 7. Qxd5 Nf6 8. Qd1 Nc6 9. Nf3 Bc5 10. e3 Qe7 11. Be2 O-O-O 12. b4 Bxb4 13. Qb3 Ne4 14. Bb2 Be6 15. Bc4 Bxc4 16. Qxc4 Nxc3 17. Bxc3 Bxc3+ 18.
Qxc3 Qb4 19. Rc1 Qxc3+ 20. Rxc3 Rd5 21. Nd4 Kc7 22. Ke2 Rhd8 23. Rhc1 R8d6 24. Rc5 Rxc5 25.
Rxc5 Kb6 26. Rb5+ Ka6 27. Rg5 Nxd4+ 28. exd4 g6 29. Kd3 Kb6 30. Re5 Kc7 31. Re8 Kd7 32.
Rb8 Rb6 33. Kc3 h5 34. a4 h4 35. h3 g5 36. f4 gxf4 37. Rh8 f3 38. gxf3 Rf6 39. Rxh4 Rxf3+ 40. Kc4 Kc6 41. Rh6+ f6 42. h4 b6 43. h5 a5 44. Rg6 Kb7 45. h6 Ka6 46. d5 Rf4+ 47. Kb3 Rb4+ 48. Ka3 Rd4 49.
h7 Rh4 50. Rg7 Rh3+ 51. Kb2 b5 52. d6 Kb6 53. axb5 f5 54. d7 Kc7 55. d8=Q+ Kxd8 56. Rg8+ 1-0

[Event "*** SCC Grand Prix: Titled Tuesday Blitz"]
[Site "Chess.com"]
[Date "2020.06.09"]
[Round "6"]
[White "2007checkmate"]
[Black "Bastiandash"]
[Result "1-0"]
[WhiteElo "2408"]
[BlackElo "2179"]
[TimeControl "180+1"]
[EndTime "10:07:15 PDT"]
[Termination "2007checkmate won by checkmate"]

1. Nc3 d5 2. d4 Nf6 3. Bf4 e6 4. e3 Bd6 5. Bd3 O-O 6. Nf3 c5 7. dxc5 Bxf4 8. exf4 Qc7 9. Ne5 Nbd7 10. Nxd7 Bxd7 11. Qf3 Qxc5 12. g4 d4 13. Ne4 Nxe4 14.
Qxe4 g6 15. Qe5 Qb4+ 16. Ke2 Rac8 17. Qg5 Bb5 18. Qxb5 Qxb5 19. Bxb5 Rxc2+ 20. Kf3 Rxb2 21. Rhb1 Rc2 22. Rc1 Rb2 23. Bd3 Rd2 24. Rd1 Rb2 25. Rab1 Rxa2 26. Rxb7 a5 27. Rc1 Ra3 28. Ke2 Ra2+ 29.
Rc2 Ra1 30. Rcc7 Ra2+ 31. Kf1 Rd2 32. Bc4 a4 33. Rxf7 Rxf7 34. Bxe6 a3 35. Rxf7 d3 36.
Ra7+ Kh8 37. g5 h5 38. Rxa3 h4 39. Ra8+ Kh7 40. Ra7+ Kh8 41. Kg2 h3+ 42. Bxh3 Rb2 43. Rd7 d2 44. f5 gxf5 45. Bxf5 Kg8 46. h4 Rb5 47. Be6+ Kf8 48. Rxd2 Re5 49. Bg4 Kg7 50. f4 Re7 51. f5 Kf8 52. Rd8+ Kg7 53. f6+ Kg6 54.
fxe7 Kh7 55. e8=Q Kg7 56. Rd7# 1-0

[Event "*** SCC Grand Prix: Titled Tuesday Blitz"]
[Site "Chess.com"]
[Date "2020.06.09"]
[Round "6"]
[White "Roman_Ovetchkin"]
[Black "GuerrieroFromLevant"]
[Result "1-0"]
[WhiteElo "2573"]
[BlackElo "2343"]
[TimeControl "180+1"]
[EndTime "10:07:17 PDT"]
[Termination "Roman_Ovetchkin won by resignation"]

1. d4 d5 2. c4 e6 3. Nf3 c5 4. cxd5 exd5 5. g3 Nf6 6. Bg2 Nc6 7.
O-O Be7 8. dxc5 Bxc5 9. a3 Ne4 10.
Nfd2 f5 11. Nb3 Bb6 12. Nc3 Be6 13. Na4 d4 14. Nd2 Bd5 15. Nf3 O-O 16. Bf4 Re8 17. Rc1 g5 18. Nxg5 Nxg5 19. Bxg5 Qd7 20. Nc5 Bxc5 21. Rxc5 Be4 22. Qb3+ Qe6 23. Qxe6+ Rxe6 24. Bh3 Rf8 25. Rd1 b6 26. Rcc1 Bd5 27. Bf1 Bb3 28. Rd3 Ba4 29. Bf4 Bb5 30. Rd2 Rfe8 31. e3 Bxf1 32. Kxf1 dxe3 33. Bxe3 Ne5 34. Kg2 Ng4 35.
Bf4 Re2 36. Rcc2 Rxd2 37. Rxd2 Re1 38. h3 Nf6 39. Rc2 Ne4 40. Be3 Rd1 41. Rc7 a5 42. Rb7 f4 43. gxf4 Rd6 44. Rxb6 Rxb6 45. Bxb6 a4 46.
Kf3 Nd2+ 47. Ke2 Nc4 48. Bd4 Kf7 49. Kd3 Nd6 50. Be5 Nb5 51. Kc4 1-0